[Event "November 21 Early 2023"]
[Site "https://www.chess.com"]
[Date "2023.11.21"]
[Round "5"]
[White "Shishkov, Andrei"]
[Black "Spata, German"]
[Result "1/2-1/2"]
[Board "101"]
[TimeControl "180+1"]
[WhiteFideId "4500563"]
[BlackFideId "113026"]
[WhiteElo "2241"]
[BlackElo "2260"]
[WhiteTeam "EST"]
[BlackTeam "ARG"]
[WhiteClock "0:00:19"]
[BlackClock "0:00:25"]

1. d4 e6 2. c4 f5 3. g3 Nf6 4. Bg2 d5 5. Nh3 c6 6. O-O Bd6 7. Bf4 O-O 8. Nd2 Qe7 9. Qc2 Nbd7 10. Nf3 Ne4 11. Bxd6 Qxd6 12. Nf4 b6 13. Nd3 Bb7 14. Rad1 Rac8 15. b4 Qe7 16. c5 Ba6 17. Nfe5 Bxd3 18. Nxd3 bxc5 19. bxc5 Rb8 20. f3 Nef6 21. f4 Ne4 22. Rb1 g5 23. e3 h6 24. Rxb8 Rxb8 25. Rb1 Qd8 26. Bxe4 fxe4 27. Ne5 Nxe5 28. fxe5 Qc7 29. Rb3 Rf8 30. Qe2 Qf7 31. Rb1 Kg7 32. Rf1 Qxf1+ 33. Qxf1 Rxf1+ 34. Kxf1 Kf7 35. Ke2 Ke7 36. Kd2 Kd7 37. Kc3 Kc7 38. Kb4 Kb7 39. Ka5 g4 40. Kb4 Ka6 41. Ka4 Kb7 42. Ka5 a6 43. Kb4 Ka7 44. Ka5 Kb7 45. Kb4 Ka7 46. Ka5 Kb7 1/2-1/2

[Event "November 21 Early 2023"]
[Site "https://www.chess.com"]
[Date "2023.11.21"]
[Round "5"]
[White "Kopczynski, Michal"]
[Black "Weishaeutel, Moritz"]
[Result "0-1"]
[Board "102"]
[TimeControl "180+1"]
[WhiteFideId "1124200"]
[BlackFideId "12967300"]
[WhiteElo "2174"]
[BlackElo "2321"]
[WhiteTeam "POL"]
[BlackTeam "GER"]
[WhiteClock "0:00:03"]
[BlackClock "0:00:35"]

1. e4 e5 2. Nf3 Nf6 3. Bc4 Nxe4 4. d3 Nf6 5. Nxe5 d5 6. Bb3 Bd6 7. d4 O-O 8. O-O h6 9. Bf4 c6 10. c3 Qc7 11. Bc2 Re8 12. Qd3 Nbd7 13. Nxd7 Bxd7 14. Bxd6 Qxd6 15. Nd2 Re7 16. Nf3 Ne4 17. Ne5 Bf5 18. Qf3 Bh7 19. Rfe1 Rae8 20. Qh5 Qf6 21. f3 Rxe5 22. dxe5 Rxe5 23. Qh3 Bf5 24. g4 Ng5 25. Qg2 Bxc2 26. Rxe5 Nxf3+ 27. Kh1 Nxe5 28. Qxc2 Nxg4 29. Qg2 Nf2+ 30. Kg1 Ne4 31. Rf1 Qe7 32. Re1 Qc5+ 33. Kf1 Qc4+ 34. Kg1 Qxa2 35. h4 Qa5 36. Kh2 Qc7+ 37. Kh3 Qf4 38. Rf1 Qe5 39. Rg1 g6 40. Qf3 Qf6 41. Qxf6 Nxf6 42. Ra1 a6 43. Re1 Ne4 44. c4 f5 45. cxd5 cxd5 46. h5 Kf7 47. hxg6+ Kxg6 48. Kg2 Kf6 49. Kf3 Ke5 50. Rh1 Ng5+ 51. Ke2 Nf7 52. Rg1 d4 53. Rg7 Kf6 54. Rg8 Ke6 55. Kd3 Kd5 56. Rf8 Ne5+ 57. Kd2 Ke4 58. Re8 f4 59. Rb8 b5 60. Rb6 Nc4+ 0-1

[Event "November 21 Early 2023"]
[Site "https://www.chess.com"]
[Date "2023.11.21"]
[Round "5"]
[White "Belov, Alexei"]
[Black "Begunov, Konstantin"]
[Result "1-0"]
[Board "103"]
[TimeControl "180+1"]
[WhiteFideId "4128206"]
[BlackFideId "4118510"]
[WhiteElo "2622"]
[BlackElo "1989"]
[WhiteTeam "RUS"]
[BlackTeam "RUS"]
[WhiteClock "0:00:13"]
[BlackClock "0:00:04"]

1. e4 c5 2. Nf3 d6 3. d4 cxd4 4. Nxd4 Nf6 5. Nc3 a6 6. Be2 e5 7. Nb3 Be7 8. O-O O-O 9. Kh1 Be6 10. f4 Qc7 11. f5 Bc4 12. g4 d5 13. g5 Nxe4 14. Nxe4 dxe4 15. f6 Rd8 16. Qe1 Bf8 17. fxg7 Bxg7 18. Be3 Bxe2 19. Qxe2 Nc6 20. c3 Na5 21. Nd2 Rac8 22. Qf2 Nc4 23. Nxe4 Qc6 24. Qf3 Rd3 25. Rae1 Rcd8 26. Kg1 Rxe3 27. Rxe3 Nxe3 28. Qxe3 Qd5 29. b3 Qd3 30. Re1 Qxe3+ 31. Rxe3 Rd1+ 32. Kf2 Rh1 33. Kg2 Ra1 34. Re2 Kf8 35. Nd6 e4 36. Nxe4 Rc1 37. c4 b5 38. cxb5 axb5 39. Nf6 h6 40. Nd7+ Kg8 41. gxh6 Bxh6 42. Kf3 Kg7 43. Ne5 Bg5 44. Ke4 Bf6 45. Rg2+ Kf8 46. Nd7+ Ke7 47. Nxf6 Kxf6 48. Kd5 b4 49. h4 Rh1 50. Rg4 Kf5 51. Rxb4 Rh2 52. a4 Rd2+ 53. Kc6 Ke5 54. a5 f5 55. a6 f4 56. Kb7 f3 57. Ra4 f2 58. Ra1 Rd7+ 59. Kc6 Ra7 60. Kb6 Rf7 61. a7 f1=Q 62. Rxf1 Rxf1 63. a8=Q 1-0

[Event "November 21 Early 2023"]
[Site "https://www.chess.com"]
[Date "2023.11.21"]
[Round "5"]
[White "Swicarz, Maciej"]
[Black "Aaditya Dhingra"]
[Result "0-1"]
[Board "104"]
[TimeControl "180+1"]
[WhiteFideId "1113585"]
[BlackFideId "25678191"]
[WhiteElo "2127"]
[BlackElo "2269"]
[WhiteTeam "POL"]
[BlackTeam "IND"]
[WhiteClock "0:00:11"]
[BlackClock "0:00:15"]

1. c4 g6 2. Nc3 Bg7 3. e4 c5 4. d3 Nc6 5. Nge2 e6 6. g3 Nge7 7. Bg2 O-O 8. O-O d6 9. Be3 Nd4 10. f4 Rb8 11. Kh1 f5 12. a3 b6 13. Rb1 Bb7 14. b4 Qd7 15. Bxd4 cxd4 16. Nb5 e5 17. Nxa7 fxe4 18. dxe4 Nf5 19. exf5 Bxg2+ 20. Kxg2 Qxa7 21. fxg6 Qxa3 22. gxh7+ Kh8 23. Qb3 Qxb3 24. Rxb3 e4 25. Rd1 d3 26. Nc3 Rfe8 27. Nb5 Ra8 28. Nxd6 Ra2+ 29. Kh3 Re7 30. c5 bxc5 31. bxc5 Kxh7 32. Nxe4 Rxe4 33. Rdxd3 Ree2 34. Rd7 Rxh2+ 35. Kg4 Rh6 36. Rbb7 Rg6+ 37. Kh4 Rh2# 0-1

[Event "November 21 Early 2023"]
[Site "https://www.chess.com"]
[Date "2023.11.21"]
[Round "5"]
[White "Golubev, Mikhail"]
[Black "Berezin, Viktor"]
[Result "1-0"]
[Board "105"]
[TimeControl "180+1"]
[WhiteFideId "14100983"]
[BlackFideId "14107872"]
[WhiteElo "2352"]
[BlackElo "2310"]
[WhiteTeam "UKR"]
[BlackTeam "UKR"]
[WhiteClock "0:00:11"]
[BlackClock "0:00:03"]

1. e4 g6 2. d4 Bg7 3. c3 d6 4. Bg5 Nf6 5. Nd2 O-O 6. Ngf3 c6 7. a4 a5 8. Be2 Nbd7 9. O-O e5 10. dxe5 Nxe5 11. Qc2 Qc7 12. Nxe5 dxe5 13. Nc4 Be6 14. Rfd1 h6 15. Bh4 Rad8 16. f3 Bxc4 17. Bxc4 Rxd1+ 18. Rxd1 Rd8 19. Rxd8+ Qxd8 20. Bf2 Bf8 21. g3 Ne8 22. Kg2 Nd6 23. Ba2 Kg7 24. Qd3 Be7 25. b4 axb4 26. cxb4 Qa8 27. Bb3 f5 28. exf5 gxf5 29. f4 e4 30. Qd4+ Kh7 31. Qe5 Qd8 32. Bd4 Qf8 33. Be6 Kg6 34. b5 cxb5 35. axb5 e3 36. Qxe3 Ne4 37. Qb3 Qd8 38. Qd5 Qa8 39. Qxf5# 1-0

[Event "November 21 Early 2023"]
[Site "https://www.chess.com"]
[Date "2023.11.21"]
[Round "5"]
[White "Papasimakopoulos, Alexandros"]
[Black "Khromkin, Andrey"]
[Result "1/2-1/2"]
[Board "106"]
[TimeControl "180+1"]
[WhiteFideId "4244125"]
[BlackFideId "4154126"]
[WhiteElo "2346"]
[BlackElo "2455"]
[WhiteTeam "GRE"]
[BlackTeam "RUS"]
[WhiteClock "0:00:05"]
[BlackClock "0:00:14"]

1. d4 d5 2. c4 dxc4 3. Nf3 a6 4. e3 Bg4 5. Bxc4 e6 6. O-O Nc6 7. h3 Bh5 8. Nbd2 Nf6 9. Be2 Bd6 10. Nc4 O-O 11. b3 Nd5 12. Bb2 f5 13. Rc1 Rf6 14. Nfe5 Bxe2 15. Qxe2 Bxe5 16. Nxe5 Nxe5 17. dxe5 Rf7 18. Rfd1 Rd7 19. Kh2 Qe7 20. Bd4 Rad8 21. Rc5 Nb4 22. a3 Nc6 23. Qc4 Nxd4 24. Rxd4 Rxd4 25. exd4 c6 26. b4 Qd7 27. a4 Kf7 28. b5 Qxd4 29. bxc6 Qxc4 30. Rxc4 bxc6 31. Rxc6 Rd5 32. Rxa6 Rxe5 33. Ra8 Re2 34. f4 Ra2 35. a5 h6 36. h4 g5 37. fxg5 hxg5 38. hxg5 Kg6 39. a6 Kxg5 40. a7 Kf4 41. Kh3 e5 42. g3+ Ke4 43. Kh4 Ra3 44. Kh5 Kf3 45. g4 fxg4 46. Rf8+ Ke2 47. a8=Q Rxa8 48. Rxa8 g3 49. Ra2+ Kf1 50. Kg4 g2 51. Kf3 e4+ 52. Kxe4 g1=Q 53. Ra1+ Kg2 54. Rxg1+ Kxg1 1/2-1/2

[Event "November 21 Early 2023"]
[Site "https://www.chess.com"]
[Date "2023.11.21"]
[Round "5"]
[White "Pastar, Slaven"]
[Black "ATM622"]
[Result "1-0"]
[Board "107"]
[TimeControl "180+1"]
[WhiteFideId "14402718"]
[WhiteElo "2230"]
[BlackElo "2450"]
[WhiteTeam "BIH"]
[WhiteClock "0:00:23"]
[BlackClock "0:00:00"]

1. b3 d5 2. Bb2 c5 3. e3 Nc6 4. Nf3 Nf6 5. Bb5 Bd7 6. O-O e6 7. c4 Bd6 8. cxd5 exd5 9. d4 a6 10. Be2 b6 11. Nc3 Ne7 12. Rc1 O-O 13. dxc5 bxc5 14. Na4 Bxa4 15. Bxf6 Bxb3 16. axb3 gxf6 17. Bd3 f5 18. Nh4 Qd7 19. Qh5 Ng6 20. Bxf5 Qe7 21. Nf3 Qf6 22. Bxg6 hxg6 23. Qxd5 Rad8 24. Qg5 Qg7 25. Rc4 f6 26. Qd5+ Qf7 27. Qxf7+ Kxf7 28. Ra1 Ra8 29. Rca4 Rfb8 30. Nd2 Be5 31. Rc1 Rd8 32. Nc4 Rd3 33. g3 Rxb3 34. Nxe5+ fxe5 35. Rxc5 Rb1+ 36. Kg2 Rd8 37. Rxe5 Kf6 38. Rea5 g5 39. h4 gxh4 40. Rxh4 Rdd1 41. Rxa6+ Kg5 42. Ra5+ Kg6 43. Rf4 Rd2 44. Ra8 Rbb2 45. Rg8+ Kh7 46. Rgg4 Kh6 47. Rf5 Ra2 48. e4 Re2 49. Rgf4 1-0

[Event "November 21 Early 2023"]
[Site "https://www.chess.com"]
[Date "2023.11.21"]
[Round "5"]
[White "Gontcharov, Vladislav"]
[Black "Vedder, Richard"]
[Result "1-0"]
[Board "108"]
[TimeControl "180+1"]
[WhiteFideId "4123492"]
[BlackFideId "1004166"]
[WhiteElo "2420"]
[BlackElo "2168"]
[WhiteTeam "RUS"]
[BlackTeam "NED"]
[WhiteClock "0:00:37"]
[BlackClock "0:01:19"]

1. d4 d5 2. c4 dxc4 3. Nf3 Nf6 4. e3 e6 5. Bxc4 c5 6. Nc3 Nc6 7. O-O cxd4 8. exd4 Be7 9. Qe2 O-O 10. Rd1 Na5 11. Bd3 b6 12. Bg5 Bb7 13. Rac1 Rc8 14. Ne5 Nd5 15. Qh5 f5 16. Bd2 Bf6 17. Nf3 Nc6 18. Nxd5 Qxd5 19. Bc4 Qd6 20. Bg5 Na5 21. Bxf6 Nxc4 22. Be5 Nxe5 23. dxe5 Rxc1 24. Rxc1 Bxf3 25. exd6 Bxh5 26. d7 Kf7 27. Rc8 Ke7 28. Rxf8 Kxd7 29. Rg8 Bg6 30. Rxg7+ Kd6 31. Rxa7 e5 32. f3 e4 33. fxe4 fxe4 34. Kf2 1-0

[Event "November 21 Early 2023"]
[Site "https://www.chess.com"]
[Date "2023.11.21"]
[Round "5"]
[White "Maltsevskaya, Aleksandra"]
[Black "Rosenberg, Evan S"]
[Result "1-0"]
[Board "109"]
[TimeControl "180+1"]
[WhiteFideId "24174041"]
[BlackFideId "2019299"]
[WhiteElo "2296"]
[BlackElo "2446"]
[WhiteTeam "POL"]
[BlackTeam "USA"]
[WhiteClock "0:00:57"]
[BlackClock "0:00:00"]

1. Nf3 d5 2. g3 Nd7 3. d4 Nb6 4. Bg2 Nf6 5. O-O Bf5 6. Ne5 e6 7. c4 c6 8. Bg5 Nxc4 9. Nxc4 dxc4 10. e4 Bg6 11. e5 h6 12. Bh4 Bh5 13. Bxf6 gxf6 14. Qxh5 Qxd4 15. Nc3 Qxe5 16. Qf3 f5 17. Rfe1 Qf6 18. Qf4 Be7 19. Qxc4 O-O 20. Rad1 Rad8 21. b4 a6 22. Ne2 Qb2 23. Nf4 Qxb4 24. Qe2 Rxd1 25. Rxd1 Rd8 26. Rxd8+ Bxd8 27. h4 Bc7 28. Nh5 Qb1+ 29. Kh2 Qa1 30. Qd2 Bb6 31. Qxh6 Bd4 32. Qg5+ Bg7 33. Qd8+ Kh7 34. Qd7 1-0

[Event "November 21 Early 2023"]
[Site "https://www.chess.com"]
[Date "2023.11.21"]
[Round "5"]
[White "Vlassov, Nikolai"]
[Black "Minko, Dmitry"]
[Result "1-0"]
[Board "110"]
[TimeControl "180+1"]
[WhiteFideId "4103360"]
[BlackFideId "24188468"]
[WhiteElo "2324"]
[BlackElo "1992"]
[WhiteTeam "FID"]
[BlackTeam "FID"]
[WhiteClock "0:01:01"]
[BlackClock "0:00:09"]

1. e4 e5 2. Bc4 Nc6 3. f4 Nf6 4. Nc3 Bb4 5. Nf3 d6 6. O-O Bg4 7. d3 Qd7 8. Bb5 a6 9. fxe5 dxe5 10. Bxc6 bxc6 11. Bg5 Bxf3 12. Qxf3 Be7 13. Kh1 O-O 14. Ne2 a5 15. Ng3 h6 16. Bxh6 Qg4 17. Bxg7 Qxf3 18. Rxf3 Nd7 19. Bxf8 Bxf8 20. Raf1 f6 21. Nh5 Be7 22. Rg3+ Kf7 23. Rg7+ Ke6 24. Rh7 a4 25. Ng7+ Kf7 26. Nf5+ 1-0

[Event "November 21 Early 2023"]
[Site "https://www.chess.com"]
[Date "2023.11.21"]
[Round "5"]
[White "Mazurkiewicz, Michal"]
[Black "Gubajdullin, Alexei"]
[Result "1-0"]
[Board "111"]
[TimeControl "180+1"]
[WhiteFideId "1124943"]
[BlackFideId "4141202"]
[WhiteElo "2124"]
[BlackElo "2280"]
[WhiteTeam "POL"]
[BlackTeam "RUS"]
[WhiteClock "0:00:10"]
[BlackClock "0:01:40"]

1. e4 g6 2. d4 Bg7 3. Nc3 d6 4. f4 a6 5. Nf3 b5 6. Bd3 Nd7 7. O-O c5 8. dxc5 Nxc5 9. Be3 Nf6 10. e5 Ng4 11. Bxc5 dxc5 12. Be4 Ra7 13. Qxd8+ Kxd8 14. Rfd1+ Rd7 15. Ng5 Kc7 16. Nxf7 Rf8 17. Ng5 Rxd1+ 18. Rxd1 Rxf4 19. Nd5+ Kb8 20. Nxf4 Bxe5 21. Ne2 Nf6 22. c3 Ng4 23. h3 Ne3 24. Rd3 Nc4 25. Rd5 Bc7 26. b3 Nd6 27. Bf3 Nf5 28. Nxh7 Be6 29. Rd3 Bb6 30. Kh1 c4 31. bxc4 Bxc4 32. Rd1 Bxa2 33. Nd4 Ne3 34. Re1 Nc4 35. Rxe7 Na5 36. Nc6+ Nxc6 37. Bxc6 Kc8 38. Nf6 Bd8 39. Re8 Kc7 40. Nd5+ Bxd5 41. Bxd5 Bf6 42. Re6 Bxc3 43. Rxa6 g5 44. Rc6+ Kd7 45. Rxc3 Kd6 46. Bf3 b4 47. Rd3+ Kc5 48. Rd5+ Kc4 49. Rxg5 b3 50. Bd5+ Kb4 51. Rg4+ Kc3 52. Rg3+ Kd4 53. Bxb3 Ke4 54. Kh2 Kf4 55. h4 Kf5 56. h5 Ke5 57. h6 Kf4 58. h7 Ke5 59. h8=Q+ Kf5 60. Qf8+ Ke4 61. Qe7+ Kd4 62. Qe3# 1-0

[Event "November 21 Early 2023"]
[Site "https://www.chess.com"]
[Date "2023.11.21"]
[Round "5"]
[White "Yeritsyan, Hayk"]
[Black "Vestby-Ellingsen, Mads"]
[Result "0-1"]
[Board "112"]
[TimeControl "180+1"]
[WhiteFideId "13307320"]
[BlackFideId "1520857"]
[WhiteElo "2130"]
[BlackElo "2241"]
[WhiteTeam "ARM"]
[BlackTeam "NOR"]
[WhiteClock "0:02:16"]
[BlackClock "0:01:28"]

1. c4 e6 2. b3 d5 3. Bb2 Nf6 4. d3 Be7 5. Nf3 O-O 6. Nbd2 c5 7. g3 Nc6 8. Bg2 d4 9. O-O e5 10. a3 a5 11. Qc2 h6 12. e3 Bf5 13. exd4 exd4 14. Rfe1 Bd6 15. Nh4 Bh7 16. Ne4 Re8 17. Nxd6 Qxd6 18. Qd2 b6 19. Nf3 Rad8 20. Rxe8+ Rxe8 21. Re1 Rxe1+ 22. Nxe1 Ne5 23. Qe2 Qe6 24. Kf1 Bf5 25. Bc1 Nfg4 26. h3 Nh2+ 27. Kg1 Nef3+ 28. Bxf3 Nxf3+ 29. Kf1 Nh2+ 0-1

[Event "November 21 Early 2023"]
[Site "https://www.chess.com"]
[Date "2023.11.21"]
[Round "5"]
[White "Streltsov, Alexey"]
[Black "Gutkin, Ilya"]
[Result "0-1"]
[Board "113"]
[TimeControl "180+1"]
[WhiteFideId "24104434"]
[BlackFideId "16203470"]
[WhiteElo "2311"]
[BlackElo "2248"]
[WhiteTeam "ISR"]
[BlackTeam "GER"]
[WhiteClock "0:00:09"]
[BlackClock "0:00:01"]

1. e4 e5 2. Nf3 Nc6 3. Bc4 Nf6 4. d3 Bc5 5. O-O O-O 6. c3 d5 7. exd5 Nxd5 8. Re1 Re8 9. b4 Bb6 10. a4 a6 11. Bg5 f6 12. Be3 Be6 13. Bxb6 Nxb6 14. Bxe6+ Rxe6 15. Qb3 Qd5 16. c4 Qd7 17. a5 Nc8 18. Nc3 Nd6 19. d4 Nxd4 20. Nxd4 exd4 21. c5 Re8 22. cxd6 dxc3 23. dxc7 Kf8 24. Rxe6 Rxe6 25. Qxc3 Rc6 26. Qe3 Qxc7 27. Re1 Qd7 28. h3 Rd6 29. Qe4 Rd1 30. Rxd1 Qxd1+ 31. Kh2 Qd6+ 32. g3 Qd2 33. Kg2 Qd7 34. Qxh7 Qd5+ 35. Kh2 Qd4 36. Qc2 Qxb4 37. Qc8+ Kf7 38. Qc7+ Kg6 39. h4 Qd4 40. Kg1 Qd5 41. g4 Qd1+ 42. Kh2 Qxg4 43. Qxb7 Qxh4+ 44. Kg1 Qg5+ 45. Kf1 Qxa5 46. Qe4+ Qf5 47. Qg2+ Kh7 48. Qh1+ Kg6 49. Qg2+ Qg5 50. Qe4+ Kh6 51. Qh1+ Qh5 52. Qa8 Qd1+ 53. Kg2 Qg4+ 54. Kf1 Qc4+ 55. Kg2 f5 56. f3 a5 57. Kg3 Qc5 58. Qe8 Kg5 59. Qd8+ Kg6 60. Qe8+ Kf6 61. Qd8+ Qe7 62. Qb6+ Kg5 63. Qxa5 Qe5+ 64. Kg2 Qxa5 0-1

[Event "November 21 Early 2023"]
[Site "https://www.chess.com"]
[Date "2023.11.21"]
[Round "5"]
[White "Osinovsky, Stepan"]
[Black "WindWhistler11"]
[Result "1-0"]
[Board "114"]
[TimeControl "180+1"]
[WhiteFideId "4157354"]
[WhiteElo "2222"]
[BlackElo "2586"]
[WhiteTeam "RUS"]
[WhiteClock "0:00:09"]
[BlackClock "0:00:00"]

1. e4 e6 2. d3 d5 3. Nd2 Nf6 4. Ngf3 c5 5. g3 Nc6 6. Bg2 g6 7. O-O Bg7 8. Re1 O-O 9. a4 b6 10. exd5 Nxd5 11. h4 h6 12. Nc4 Bb7 13. Nce5 Qc7 14. Nxc6 Bxc6 15. Qe2 Qb7 16. Kh2 Rad8 17. Ne5 Ne7 18. Nxc6 Nxc6 19. a5 Qc7 20. axb6 axb6 21. Bf4 e5 22. Be3 Nb4 23. Ra3 Rd6 24. Rea1 Rd7 25. c3 Nxd3 26. Ra7 Qd6 27. Rxd7 Qxd7 28. Rd1 c4 29. Bxb6 Qb5 30. Be3 Qxb2 31. Qxb2 Nxb2 32. Rd7 Na4 33. Bd5 Nxc3 34. Bxc4 1-0

[Event "November 21 Early 2023"]
[Site "https://www.chess.com"]
[Date "2023.11.21"]
[Round "5"]
[White "Bogaudinov, Rushan"]
[Black "gueraumasague"]
[Result "0-1"]
[Board "115"]
[TimeControl "180+1"]
[WhiteFideId "4129288"]
[WhiteElo "1908"]
[BlackElo "2586"]
[WhiteTeam "RUS"]
[WhiteClock "0:00:45"]
[BlackClock "0:00:21"]

1. e4 g6 2. Nf3 Bg7 3. d4 d6 4. g3 Nf6 5. Nc3 O-O 6. Bg2 Nc6 7. O-O Bg4 8. h3 Bxf3 9. Bxf3 e5 10. dxe5 dxe5 11. Bg2 Nd4 12. Be3 Re8 13. Qd2 Ne6 14. Nd5 c6 15. Nxf6+ Bxf6 16. Rad1 Qxd2 17. Rxd2 Bd8 18. Rd7 Re7 19. Rfd1 Kf8 20. f4 Bb6 21. Kf2 exf4 22. gxf4 Nxf4 23. Rxe7 Bxe3+ 24. Kxe3 Nxg2+ 25. Kf2 Kxe7 26. Kxg2 Rd8 27. Rc1 Ke6 28. Kf3 Ke5 29. Ke3 Rd4 30. c3 Rxe4+ 31. Kd3 f5 32. b4 f4 33. Rg1 Re3+ 34. Kc4 Rxh3 35. Re1+ Re3 36. Rd1 f3 37. Rd7 f2 38. Rf7 Re4+ 39. Kd3 Rf4 0-1

[Event "November 21 Early 2023"]
[Site "https://www.chess.com"]
[Date "2023.11.21"]
[Round "5"]
[White "Kim, Sergey"]
[Black "LangesNasenhaar"]
[Result "0-1"]
[Board "116"]
[TimeControl "180+1"]
[WhiteFideId "13700570"]
[WhiteElo "2584"]
[BlackElo "2430"]
[WhiteTeam "KAZ"]
[WhiteClock "0:01:02"]
[BlackClock "0:00:46"]

1. d4 d5 2. c4 e6 3. Nc3 c5 4. e3 Nf6 5. Nf3 a6 6. a3 dxc4 7. Bxc4 b5 8. Ba2 Bb7 9. O-O Nbd7 10. Qe2 Be7 11. Rd1 O-O 12. e4 cxd4 13. Rxd4 Qb6 14. Be3 Bc5 15. e5 Bxf3 16. Qxf3 Bxd4 17. exf6 Nxf6 18. Bg5 Rac8 19. h3 h6 20. Bh4 Qc7 21. Rc1 Bxc3 22. Rxc3 Qe5 23. Bg3 Rxc3 24. bxc3 Qe1+ 25. Kh2 Ne4 26. Bh4 Nxc3 27. Bb3 Ne2 0-1

[Event "November 21 Early 2023"]
[Site "https://www.chess.com"]
[Date "2023.11.21"]
[Round "5"]
[White "Skatchkov, Valery"]
[Black "Pace, Christopher"]
[Result "1-0"]
[Board "117"]
[TimeControl "180+1"]
[WhiteFideId "24195812"]
[BlackFideId "2610167"]
[WhiteElo "2320"]
[BlackElo "2424"]
[WhiteTeam "RUS"]
[BlackTeam "CAN"]
[WhiteClock "0:00:06"]
[BlackClock "0:00:07"]

1. d4 Nf6 2. c4 e5 3. dxe5 Ng4 4. e4 Nxe5 5. f4 Ng6 6. Nc3 Bc5 7. Qh5 d6 8. Nf3 O-O 9. Bd3 Nc6 10. Bd2 Nd4 11. O-O-O Nxf3 12. gxf3 Qh4 13. Qg5 Qxg5 14. fxg5 Bh3 15. f4 Bg2 16. Rhe1 Bf3 17. Be2 Bxe2 18. Rxe2 a6 19. a3 Rfe8 20. Kc2 Ne7 21. Kd3 Rad8 22. Rg2 c6 23. b4 Ba7 24. Be3 Bxe3 25. Kxe3 d5 26. Rgd2 d4+ 27. Kf3 c5 28. bxc5 Nc6 29. Nd5 Kf8 30. h4 Rc8 31. Rb1 Na5 32. Nb6 Rcd8 33. e5 Re6 34. Ke4 Nc6 35. Nd5 Rd7 36. Rb6 Re8 37. Rdb2 Na5 38. Kxd4 Rc8 39. Rd6 Rxd6 40. exd6 Nc6+ 41. Kd3 Na5 42. Re2 Rxc5 43. d7 Nc6 44. Re8# 1-0

[Event "November 21 Early 2023"]
[Site "https://www.chess.com"]
[Date "2023.11.21"]
[Round "5"]
[White "ChainedDowntohell"]
[Black "Darmanin, Jake"]
[Result "1-0"]
[Board "118"]
[TimeControl "180+1"]
[BlackFideId "5601061"]
[WhiteElo "2579"]
[BlackElo "2119"]
[BlackTeam "MLT"]
[WhiteClock "0:00:09"]
[BlackClock "0:00:01"]

1. d4 Nf6 2. c4 e6 3. Nc3 d5 4. cxd5 exd5 5. Bg5 Bb4 6. e3 c6 7. Bd3 h6 8. Bf4 O-O 9. Qc2 Re8 10. h3 Nbd7 11. Nf3 b6 12. O-O Bb7 13. Ne5 Nxe5 14. dxe5 Nd7 15. a3 Bf8 16. Bh7+ Kh8 17. Rad1 Nxe5 18. e4 d4 19. Bxe5 Rxe5 20. f4 Rc5 21. e5 Ba6 22. Bd3 Bxd3 23. Qxd3 Kg8 24. Kh1 Qe8 25. Qxd4 a5 26. b4 axb4 27. axb4 Rxc3 28. Qxc3 c5 29. bxc5 Bxc5 30. f5 Ra3 31. Qb2 Qa8 32. Kh2 Ra2 33. Ra1 Rxa1 34. Qxa1 Qe4 35. Qe1 Qd5 36. Qe2 b5 37. e6 fxe6 38. fxe6 Be7 39. Rf7 b4 40. Kh1 Qd6 41. Rf3 Qc5 42. Rf1 b3 43. Qf3 Bf6 44. Qa8+ Kh7 45. Qa4 b2 46. Qe4+ Kg8 47. Rd1 Qc1 48. Qd3 Qc6 49. Qe2 Qc1 50. Qd3 Qc6 51. Re1 Be7 52. Qe2 Qc1 53. Qe4 Qc3 54. Qb1 Qb3 55. Re2 Qc3 56. Qxb2 Qxb2 57. Rxb2 g5 58. Rf2 Bd6 59. Rf7 Bc5 60. g4 Bd6 61. Kg2 Bc5 62. Kf3 Bd6 63. Ke4 Bc5 64. Kf5 Bd6 65. Kg6 Bc5 66. Kxh6 Be3 67. Kg6 Bd2 68. Rd7 Bb4 69. Rd8+ Bf8 70. e7 1-0

[Event "November 21 Early 2023"]
[Site "https://www.chess.com"]
[Date "2023.11.21"]
[Round "5"]
[White "Mushini Ajay"]
[Black "Santos Flores, Alberto"]
[Result "0-1"]
[Board "119"]
[TimeControl "180+1"]
[WhiteFideId "35066188"]
[BlackFideId "3601234"]
[WhiteElo "2162"]
[BlackElo "2235"]
[WhiteTeam "IND"]
[BlackTeam "ECU"]
[WhiteClock "0:00:17"]
[BlackClock "0:00:50"]

1. e4 e6 2. d4 d5 3. Nc3 Nf6 4. e5 Nfd7 5. f4 c5 6. Nf3 Nc6 7. Be3 Qb6 8. Na4 Qa5+ 9. c3 b6 10. Bd2 c4 11. b4 Qa6 12. Nb2 Qa3 13. Qc2 b5 14. f5 a5 15. bxa5 Qxa5 16. fxe6 fxe6 17. a4 b4 18. Bxc4 dxc4 19. Nxc4 Qa6 20. Ne3 bxc3 21. Bxc3 Bb4 22. Kf2 O-O 23. Rhf1 Nb6 24. Kg1 h6 25. Nh4 Bd7 26. Ng6 Rxf1+ 27. Rxf1 Qxa4 28. Qd2 Bxc3 29. Qxc3 Qxd4 30. Ne7+ Kh8 31. Ng6+ Kh7 32. Qxd4 Nxd4 33. Nf8+ Kg8 34. Ng6 Nc6 35. h4 Nd5 36. Nc4 Nce7 37. h5 Nxg6 38. hxg6 Bb5 39. Rc1 Rc8 40. Rc2 Bxc4 0-1

[Event "November 21 Early 2023"]
[Site "https://www.chess.com"]
[Date "2023.11.21"]
[Round "5"]
[White "Kotepalli, Sai Nirupama"]
[Black "Demin, Vladimir"]
[Result "0-1"]
[Board "120"]
[TimeControl "180+1"]
[WhiteFideId "5039444"]
[BlackFideId "4167457"]
[WhiteElo "2415"]
[BlackElo "2574"]
[WhiteTeam "IND"]
[BlackTeam "RUS"]
[WhiteClock "0:00:52"]
[BlackClock "0:01:52"]

1. d4 Nf6 2. Bf4 d5 3. e3 c5 4. c3 Nc6 5. Nf3 Nh5 6. Bg5 h6 7. Bh4 g5 8. Nfd2 gxh4 9. Qxh5 Qb6 10. Qxd5 Qxb2 11. Nb3 cxd4 12. Bb5 Bd7 13. exd4 a6 14. Nc5 Rd8 15. Nxd7 axb5 0-1

[Event "November 21 Early 2023"]
[Site "https://www.chess.com"]
[Date "2023.11.21"]
[Round "5"]
[White "Spichkin, Alexander"]
[Black "Statham_l3"]
[Result "0-1"]
[Board "121"]
[TimeControl "180+1"]
[WhiteFideId "4144074"]
[WhiteElo "1968"]
[BlackElo "2560"]
[WhiteTeam "RUS"]
[WhiteClock "0:01:24"]
[BlackClock "0:00:17"]

1. f4 e5 2. d3 d5 3. Nc3 d4 4. Ne4 f5 5. Ng3 h5 6. h4 Bd6 7. Nh3 Nf6 8. fxe5 Bxe5 9. Bf4 Bxf4 10. Nxf4 Ng4 11. c3 Qd6 12. Qa4+ Nc6 13. Nfxh5 g6 14. O-O-O gxh5 15. Rh3 Nf2 16. cxd4 Nxh3 17. gxh3 Qxg3 18. d5 Qe3+ 19. Kb1 Qd4 20. Qb3 Ne7 21. Bg2 Bd7 22. Qxb7 O-O 23. Qxc7 Rab8 24. Rd2 Qg1+ 25. Kc2 Rfc8 26. Qc3 Rxc3+ 27. Kxc3 Qc5# 0-1

[Event "November 21 Early 2023"]
[Site "https://www.chess.com"]
[Date "2023.11.21"]
[Round "5"]
[White "Derjabin, Ilja"]
[Black "Sliwicki, Damian"]
[Result "0-1"]
[Board "122"]
[TimeControl "180+1"]
[WhiteFideId "14104768"]
[BlackFideId "1127128"]
[WhiteElo "2309"]
[BlackElo "1992"]
[WhiteTeam "UKR"]
[BlackTeam "POL"]
[WhiteClock "0:00:01"]
[BlackClock "0:00:04"]

1. d4 Nf6 2. c4 e6 3. Nc3 Bb4 4. f3 d5 5. a3 Bxc3+ 6. bxc3 O-O 7. e3 c5 8. Bd3 dxc4 9. Bxc4 Nc6 10. Ne2 e5 11. dxc5 Qa5 12. O-O Qxc5 13. Ba2 Rd8 14. Qa4 Bf5 15. Qc4 Qxc4 16. Bxc4 Na5 17. Ba2 Bd3 18. Kf2 Rac8 19. Rd1 e4 20. Bd2 Bc2 21. Nd4 Bxd1 22. Rxd1 exf3 23. gxf3 Nc4 24. Be1 a6 25. e4 b5 26. Ke2 Nxa3 27. Bh4 Rxc3 28. e5 Nc2 29. Nf5 Rxd1 30. exf6 Rd8 31. fxg7 Re8+ 32. Kf2 Ne3 33. Nh6+ Kxg7 34. Bg3 Rc2+ 35. Kg1 Kxh6 36. Bf4+ Kg7 37. Bb1 Rc1+ 38. Kf2 Rxb1 0-1